 Dungeon Crawl Stone Soup version 0.31-a0-354-g827e0957a7 (webtiles) character file.

Game seed: 4860986530475925867

1341 AIAndy the Magician (level 8, -1/61 HPs)
             Began as a Gnoll Wanderer on July 24, 2023.
             Killed from afar by an orc wizard (7 damage)
             ... with a magic dart
             ... on level 5 of the Dungeon.
             The game lasted 00:26:19 (5098 turns).

AIAndy the Magician (Gnoll Wanderer)                Turns: 5098, Time: 00:26:20

Health: -1/61      AC:  3    Str: 10    XL:     8   Next: 62%
Magic:  15/17      EV: 13    Int: 12    God:
Gold:   127        SH:  0    Dex: 11    Spells: 15/19 levels left

rFire   x . .        q - +7 mace "Wuthar" {vamp, Fly rF- rN++ Int-4}
rCold   . . .        (no shield)
rNeg    + + .        d - +0 robe
rPois   .            (no helmet)
rElec   .            (no cloak)
rCorr   .            b - +0 pair of gloves
SInv    .            (no boots)
Will    .....        (no amulet)
Stlth   +++          (no ring)
HPRegen 0.30/turn    (no ring)
MPRegen 0.15/turn

%: no passive effects
@: about to teleport, flying
A: fangs 1, strong nose, distributed training
a: no special abilities


You were on level 5 of the Dungeon.
You visited 1 branch of the dungeon, and saw 5 of its levels.
You also visited: Sewer.

You collected 127 gold pieces.


Innate Abilities, Weirdness & Mutations

You have very sharp teeth.
Your uncanny sense of smell can sniff out nearby items.
Your experience applies equally to all skills.


   Skills:
 + Level 4.4 Fighting
 + Level 3.5 Short Blades
 + Level 3.5 Long Blades
 + Level 5.8 Axes
 + Level 3.5 Maces & Flails
 + Level 3.5 Polearms
 + Level 3.5 Staves
 + Level 3.5 Ranged Weapons
 + Level 3.5 Throwing
 + Level 4.4 Armour
 + Level 4.4 Dodging
 + Level 5.5 Stealth
 + Level 3.5 Shields
 + Level 3.5 Unarmed Combat
 + Level 6.1 Spellcasting
 + Level 2.8 Conjurations
 + Level 2.8 Hexes
 + Level 3.6 Summonings
 + Level 2.8 Necromancy
 + Level 2.8 Translocations
 + Level 2.8 Transmutations
 + Level 2.8 Fire Magic
 + Level 2.8 Ice Magic
 + Level 2.8 Air Magic
 + Level 2.8 Earth Magic
 + Level 2.8 Poison Magic
 + Level 3.8 Invocations
 + Level 3.5 Evocations
 + Level 2.8 Shapeshifting


You had 15 spell levels left.
You knew the following spells:

 Your Spells              Type           Power      Damage    Failure   Level
f - Call Canine Familiar  Summ           12%        N/A       12%         3
z - Summon Small Mammal   Summ           48%        N/A       4%          1

Your spell library contained the following spells:

 Spells                   Type           Power      Damage    Failure   Level
 Haunt                    Necr/Summ      5%         N/A       100%        7
 Borgnjor's Revivificati  Necr           5%         N/A       100%        8
 Death's Door             Necr           5%         N/A       100%        9

Inventory:

Hand Weapons
 a - a +2 hand axe
 e - a +0 war axe
 q - the +7 mace "Wuthar" (weapon) {vamp, Fly rF- rN++ Int-4}
   (You found it on level 4 of the Dungeon)

   Int:       It affects your intelligence (-4).
   rF:        It makes you vulnerable to fire.
   rN:        It greatly protects you from negative energy.
   Fly:       It grants you flight.
 r - a +2 hand axe of venom
 t - a +1 dagger of draining
Missiles
 u - 22 poisoned darts
Armour
 b - a +0 pair of gloves (worn)
 d - a +0 robe (worn)
 j - a +0 kite shield
Wands
 s - a wand of iceblast (10)
Scrolls
 c - a scroll of teleportation {@r4}
 f - a scroll of identify {@r1}
 k - a scroll of noise {unknown}
 m - a scroll of blinking {unknown}
 o - a scroll of vulnerability {unknown}
 p - a scroll of fear {unknown}
 w - a scroll of revelation {unknown}
Potions
 g - a potion of resistance
 h - a potion of brilliance
 i - 3 potions of invisibility
 n - 4 potions of haste {@q3}

Dungeon Overview and Level Annotations

Branches:
Dungeon (5/15)              Sewer (visited)
 Temple: D:4-7

Altars:
Kikubaaqudgha
Xom

####... .......
.<..o.. .. ......# ...
......# #.# .o....#
#.# ##h.....# #.#
#{o.....#
#.###@##.##.#
#.##$..#.##.#
#...........#
#######.##.>......#
#.................#
####.####.####........
#.......#.# #.#...#.#
###.##.##.#.#
#.##.##.#
....##.##.#.## #.. ...


You could see 2 orc priests, an orc and a friendly hound (summoned).


Message History

Your hound bites something but does no damage.
The orc hits you with a +0 dagger.
* * * LOW HITPOINT WARNING * * *
Something hits you.
* * * LOW HITPOINT WARNING * * *
Your hound bites something.
You feel much better.
An orc priest comes into view. It is wielding a +0 club.
The orc priest hits your hound with a +0 dagger.
The orc hits you with a +0 dagger.
* * * LOW HITPOINT WARNING * * *
You hear some strange, mumbled words.
A magic dart appears from out of thin air!
The magic dart hits you.
* * * LOW HITPOINT WARNING * * *
Something hits you.
* * * LOW HITPOINT WARNING * * *
The orc hits you with a +0 dagger.
* * * LOW HITPOINT WARNING * * *
The orc priest mumbles some strange prayers to Beogh against you.
Beogh smites you!
* * * LOW HITPOINT WARNING * * *
Things that are here:
a +0 flail; a +0 leather armour; an orc corpse
As you read the scroll of teleportation {@r4}, it crumbles to dust.
You feel strangely unstable.
You hear some strange, mumbled words.
A magic dart appears from out of thin air!
The magic dart hits you!
You die...

Skill      XL: |  1  2  3  4  5  6  7  8 |
---------------+-------------------------+-----
Summonings     | 2 3 |  3.6
Spellcasting   | 5 6 |  6.1
Invocations    | 1 2 3 |  3.8
Short Blades   | 1 2 3 |  3.5
Long Blades    | 1 2 3 |  3.5
Maces & Flails | 1 2 3 |  3.5
Polearms       | 1 2 3 |  3.5
Staves         | 1 2 3 |  3.5
Ranged Weapons | 1 2 3 |  3.5
Throwing       | 1 2 3 |  3.5
Shields        | 1 2 3 |  3.5
Unarmed Combat | 1 2 3 |  3.5
Evocations     | 1 2 3 |  3.5
Conjurations   | 1 2 |  2.8
Hexes          | 1 2 |  2.8
Necromancy     | 1 2 |  2.8
Translocations | 1 2 |  2.8
Transmutations | 1 2 |  2.8
Fire Magic     | 1 2 |  2.8
Ice Magic      | 1 2 |  2.8
Air Magic      | 1 2 |  2.8
Earth Magic    | 1 2 |  2.8
Poison Magic   | 1 2 |  2.8
Shapeshifting  | 1 2 |  2.8
Fighting       | 3 4 |  4.4
Armour         | 3 4 |  4.4
Dodging        | 3 4 |  4.4
Axes           | 5 |  5.8
Stealth        | 5 |  5.5

Action                     |  1- 3 |  4- 6 |  7- 9 || total
---------------------------+-------+-------+-------++-------
  Melee: Hand axe          |    77 |    99 |       ||   176
         Bite              |     4 |     7 |    22 ||    33
         Punch             |       |     2 |     3 ||     5
         Mace              |       |       |   181 ||   181
   Cast: Summon Small Mamm |    21 |    35 |    23 ||    79
         Call Canine Famil |       |     5 |    13 ||    18
    Use: Scroll            |       |     1 |     7 ||     8
         Potion            |       |       |     5 ||     5
   Stab: Sleeping          |     8 |     7 |    14 ||    29
         Distracted        |     1 |     1 |     2 ||     4
 Armour: Robe              |    15 |    17 |    29 ||    61
  Dodge: Dodged            |    41 |    71 |    95 ||   207

Levels and vault maps discovered:
D:1:      minmay_arrival_wavy_path, layout_loops_corners,
          ebering_ecumenical_altar_hall
D:2:      minmay_recursive_quarters, layout_rooms, kennysheep_big_empty_room,
          kennysheep_generic_room_6
D:3:      layout_rooms, mainiacjoe_overflow_divided_tiny,
          okawaru_ov_weapons_minmay, dreamdust_princess_bridge, uniq_grinder
D:4:      layout_cave_pods, uniq_menkaure
D:5:      layout_loops_cross, lightli_sewer_entry_pipes, minmay_misc_feat_five,
          wad_floor_pattern_untrapped, corexii_corridor_pit, uniq_prince_ribbit1

Notes
Turn   | Place    | Note
-------+----------+-------------------------------------------
     0 | D:1      | AIAndy the Gnoll Wanderer began the quest for the Orb.
     0 | D:1      | AIAndy set off with the following items: a +2 hand axe, a
                  | +0 pair of gloves, a scroll of teleportation {@r4}, a +0
                  | robe; and the following spell memorised: Summon Small
                  | Mammal; and the following spells available to memorise:
                  | Call Canine Familiar.
     0 | D:1      | Reached XP level 1. HP: 17/17 MP: 6/6
   158 | D:1      | Reached skill level 2 in Summonings
   186 | D:1      | Reached XP level 2. HP: 23/23 MP: 7/7
   261 | D:1      | Found a faded altar of an unknown god.
   317 | D:1      | Reached XP level 3. HP: 26/28 MP: 9/9
   319 | D:1      | Reached skill level 5 in Spellcasting
   664 | D:1      | Reached skill level 1 in Invocations
   964 | D:1      | Learned a level 3 spell: Call Canine Familiar
  1131 | D:2      | Reached skill level 1 in Short Blades
  1131 | D:2      | Reached skill level 1 in Long Blades
  1131 | D:2      | Reached skill level 1 in Maces & Flails
  1131 | D:2      | Reached skill level 1 in Polearms
  1131 | D:2      | Reached skill level 1 in Staves
  1131 | D:2      | Reached skill level 1 in Ranged Weapons
  1131 | D:2      | Reached skill level 1 in Throwing
  1131 | D:2      | Reached skill level 1 in Shields
  1131 | D:2      | Reached skill level 1 in Unarmed Combat
  1131 | D:2      | Reached skill level 1 in Evocations
  1141 | D:2      | Reached XP level 4. HP: 25/34 MP: 4/11
  1172 | D:2      | Reached skill level 1 in Conjurations
  1172 | D:2      | Reached skill level 1 in Hexes
  1172 | D:2      | Reached skill level 1 in Necromancy
  1172 | D:2      | Reached skill level 1 in Translocations
  1172 | D:2      | Reached skill level 1 in Transmutations
  1172 | D:2      | Reached skill level 1 in Fire Magic
  1172 | D:2      | Reached skill level 1 in Ice Magic
  1172 | D:2      | Reached skill level 1 in Air Magic
  1172 | D:2      | Reached skill level 1 in Earth Magic
  1172 | D:2      | Reached skill level 1 in Poison Magic
  1172 | D:2      | Reached skill level 1 in Shapeshifting
  1530 | D:2      | Reached XP level 5. HP: 38/40 MP: 9/12
  2014 | D:3      | Noticed a black bear
  2021 | D:3      | Noticed a nameless horror
  2137 | D:3      | Reached skill level 3 in Fighting
  2137 | D:3      | Reached skill level 3 in Armour
  2137 | D:3      | Reached skill level 3 in Dodging
  2221 | D:3      | Found a shimmering altar of Xom.
  2222 | D:3      | Found an ancient bone altar of Kikubaaqudgha.
  2259 | D:3      | Noticed Grinder
  2267 | D:3      | Paralysed by Grinder for 2 turns
  2308 | D:3      | Killed Grinder
  2309 | D:3      | Reached skill level 2 in Short Blades
  2309 | D:3      | Reached skill level 2 in Long Blades
  2309 | D:3      | Reached skill level 5 in Axes
  2309 | D:3      | Reached skill level 2 in Maces & Flails
  2309 | D:3      | Reached skill level 2 in Polearms
  2309 | D:3      | Reached skill level 2 in Staves
  2309 | D:3      | Reached skill level 2 in Ranged Weapons
  2309 | D:3      | Reached skill level 2 in Throwing
  2309 | D:3      | Reached skill level 2 in Shields
  2309 | D:3      | Reached skill level 2 in Unarmed Combat
  2309 | D:3      | Reached skill level 2 in Invocations
  2309 | D:3      | Reached skill level 2 in Evocations
  2309 | D:3      | Reached XP level 6. HP: 9/47 MP: 9/14
  2555 | D:4      | Reached XP level 7. HP: 9/52 MP: 3/15
  2557 | D:4      | Identified the +7 mace "Wuthar" {vamp, Fly rF- rN++ Int-4}
  2782 | D:4      | Reached skill level 2 in Conjurations
  2782 | D:4      | Reached skill level 2 in Hexes
  2782 | D:4      | Reached skill level 3 in Summonings
  2782 | D:4      | Reached skill level 2 in Necromancy
  2782 | D:4      | Reached skill level 2 in Translocations
  2782 | D:4      | Reached skill level 2 in Transmutations
  2782 | D:4      | Reached skill level 2 in Fire Magic
  2782 | D:4      | Reached skill level 2 in Ice Magic
  2782 | D:4      | Reached skill level 2 in Air Magic
  2782 | D:4      | Reached skill level 2 in Earth Magic
  2782 | D:4      | Reached skill level 2 in Poison Magic
  2782 | D:4      | Reached skill level 2 in Shapeshifting
  3211 | D:4      | Noticed Menkaure
  3497 | D:4      | Killed Menkaure
  3498 | D:4      | Reached skill level 5 in Stealth
  3498 | D:4      | Reached skill level 3 in Invocations
  3835 | D:5      | Entered Level 5 of the Dungeon
  3837 | D:5      | Identified a potion of resistance
  3918 | D:5      | Reached XP level 8. HP: 16/60 MP: 8/16
  4034 | D:5      | Reached skill level 4 in Fighting
  4034 | D:5      | Reached skill level 3 in Short Blades
  4034 | D:5      | Reached skill level 3 in Long Blades
  4034 | D:5      | Reached skill level 3 in Maces & Flails
  4034 | D:5      | Reached skill level 3 in Polearms
  4034 | D:5      | Reached skill level 3 in Staves
  4034 | D:5      | Reached skill level 3 in Ranged Weapons
  4034 | D:5      | Reached skill level 3 in Throwing
  4034 | D:5      | Reached skill level 4 in Armour
  4034 | D:5      | Reached skill level 4 in Dodging
  4034 | D:5      | Reached skill level 3 in Shields
  4034 | D:5      | Reached skill level 3 in Unarmed Combat
  4034 | D:5      | Reached skill level 3 in Evocations
  4115 | D:5      | Found a glowing drain.
  4122 | Sewer    | Entered a sewer
  4285 | Sewer    | Reached skill level 6 in Spellcasting
  5095 | D:5      | HP: 3/61 [something (4)]
  5098 | D:5      | Killed from afar by an orc wizard

Vanquished Creatures
  Menkaure (D:4)
  A sky beast (D:4)
  4 kobold brigands (Sewer)
  A scorpion (D:5)
  2 hounds (D:4)
  A jelly (D:4)
  An orc priest (D:5)
  An orc wizard (D:5)
  2 gnolls (D:2)
  13 adders
  5 river rats
  6 worms
  2 dart slugs
  7 orcs
  8 ball pythons
  12 endoplasms
  A giant cockroach (D:4)
  11 goblins
  9 hobgoblins
  3 jackals
  4 quokkas
  4 bats
  4 frilled lizards
  13 kobolds
  16 rats
132 creatures vanquished.

Vanquished Creatures (collateral kills)
  Grinder (D:3)
  A phantom (D:4)
  An iguana (D:5)
  A gnoll (D:2)
  5 orcs
  2 endoplasms
  A goblin (D:4)
  A hobgoblin (D:3)
  4 kobolds
17 creatures vanquished.

Grand Total: 149 creatures vanquished

Table legend: (Time is in decaauts)
 A = Elapsed time spent in this place.
 B = Non-inter-level travel time spent in this place.
 C = Inter-level travel time spent in this place.
 D = Time resting spent in this place.
 E = Time spent auto-exploring this place.
 F = Levels seen in this place.
 G = Mean time per level.
                   A        B        C        D        E       F      G
               +--------+--------+--------+--------+--------+-----+--------+
         Total |   5135 |   5005 |    130 |    280 |   3353 |   6 |  855.8 |
       Dungeon |   4398 |   4268 |    130 |    280 |   2944 |   5 |  879.6 |
         Sewer |    737 |    737 |      0 |      0 |    409 |   1 |  737.0 |
               +--------+--------+--------+--------+--------+-----+--------+

Top non-repeatable levels by time:
     D:4: 1300 daAuts
     D:1: 1030 daAuts
     D:2: 974 daAuts
   Sewer: 737 daAuts
     D:5: 559 daAuts
     D:3: 532 daAuts

Table legend:
 A = Non-vault XP
 B = Vault XP
 C = Vault XP percentage of total XP
 D = Non-vault monster count
 E = Vault monster count
 F = Vault count percentage of total count
                 A         B        C        D         E       F
            +---------+---------+-------+---------+---------+-------
      Total |     855 |    1062 |  55.4 |      97 |      52 |  34.9
            +---------+---------+-------+---------+---------+-------
        D:1 |      58 |       0 |   0.0 |      33 |       0 |   0.0
        D:2 |     102 |      29 |  22.1 |      17 |      10 |  37.0
        D:3 |      26 |     286 |  91.7 |      13 |       1 |   7.1
        D:4 |     411 |     172 |  29.5 |      21 |       1 |   4.5
        D:5 |     258 |     113 |  30.5 |      13 |      12 |  48.0
      Sewer |       0 |     462 | 100.0 |       0 |      28 | 100.0
            +---------+---------+-------+---------+---------+-------
